 Dungeon Crawl Stone Soup version 0.23-a0-359-g9beedce (webtiles) character file.

488 galech the Chopper (level 6, -2/49 HPs)
             Began as a Demonspawn Fighter on Oct 23, 2018.
             Slain by a howler monkey (5 damage)
             ... on level 4 of the Dungeon.
             The game lasted 00:04:01 (2963 turns).

galech the Chopper (Demonspawn Fighter)             Turns: 2963, Time: 00:04:02

Health: -2/49      AC: 13    Str: 16    XL:     6   Next: 90%
Magic:  6/6        EV:  5    Int:  9    God:
Gold:   137        SH:  9    Dex: 15    Spells: 5/5 levels left

rFire    x . .     SeeInvis .   a - +0 war axe
rCold    + + .     Gourm    .   c - +0 shield
rNeg     + . .     Faith    .   A - +0 chain mail
rPois    .         Spirit   .   t - +0 helmet
rElec    .         Reflect  .   n - +0 cloak
rCorr    .         Harm     .   u - +0 pair of gloves
MR       .....                  (no boots)
Stlth    ..........             (no amulet)
HPRegen  0.16/turn              s - ring of ice
MPRegen  0.10/turn              o - ring of positive energy

@: no status effects
A: rugged brown scales 1, cold resistance 1
a: no special abilities


You were on level 4 of the Dungeon.
You were hungry.

You visited 1 branch of the dungeon, and saw 4 of its levels.

You collected 137 gold pieces.

Inventory:

Hand Weapons
 a - a +0 war axe (weapon)
Armour
 c - a +0 shield (worn)
 n - a +0 cloak (worn)
 t - a +0 helmet (worn)
 u - a +0 pair of gloves (worn)
 A - a +0 chain mail (worn)
Jewellery
 i - an uncursed ring of flight
 o - a ring of positive energy (right hand)
 q - an uncursed ring of fire
 s - a ring of ice (left hand)
Scrolls
 b - a scroll of noise {unknown}
 e - 3 scrolls of teleportation {unknown}
 g - 3 scrolls of identify {unknown}
 m - a scroll of blinking {unknown}
 p - a scroll of amnesia {unknown}
 r - a scroll of remove curse {unknown}
 w - a scroll of fog {unknown}
 x - 2 scrolls of fear {unknown}
 y - a scroll of enchant weapon {unknown}
Potions
 d - 2 potions of might
 h - 2 potions of lignification {unknown}
 j - a potion of mutation {unknown}
 k - 2 potions of agility {unknown}
 l - 3 potions of curing
 v - a potion of cancellation {unknown}
 B - a potion of ambrosia {unknown}
Comestibles
 f - 4 rations
 z - 8 chunks of flesh


   Skills:
 + Level 3.9 Fighting
 + Level 4.5 Axes
 + Level 3.7 Armour
 + Level 1.1 Dodging
 + Level 4.2 Shields


You had 5 spell levels left.
You didn't know any spells.
Your spell library was empty.

Dungeon Overview and Level Annotations

Branches:
Dungeon (4/15)
 Temple: D:4-7

Altars:


Innate Abilities, Weirdness & Mutations

You are partially covered in rugged brown scales. (AC +1, +3% HP)
Your flesh is cold resistant. (rC+)


Message History

The howler monkey hoots and howls with incredible vigour!
The howler monkey hits you but does no damage.
You hear a chilling moan.
You closely miss the howler monkey.
The howler monkey is moderately wounded.
You hit the howler monkey. You block the howler monkey's attack.
The howler monkey hits you but does no damage. x3
Some of the chunks of flesh in your inventory have rotted away.
You closely miss the howler monkey.
The howler monkey is moderately wounded.
You closely miss the howler monkey. The howler monkey hits you.
* * * LOW HITPOINT WARNING * * *
You block the howler monkey's attack.
The howler monkey hits you but does no damage. x2
Unknown command.
You slash the howler monkey!
The howler monkey is severely wounded.
You hit the howler monkey. You block the howler monkey's attack.
The howler monkey hits you.
You die...

###+### . ..... #.#......
.##..... ........) ..#...#
# .#....))
####+####.#...#.##.#......
........#.................
........#.....# #.#......
.....)..#h....# ##.#......
.......)h@#...# .........
........###...# #.######.
..............####.###....
...................(...##.
........###...####.##..##.
......... #...####.##..##.
##.###### #..>.....##..##.
#. #......####..##. #
###.##.# #..###


You could see 2 howler monkeys.

Vanquished Creatures
  An ogre (D:4)
  A centaur (D:3)
  Jessica (D:2)
  An orc wizard (D:3)
  Terence (D:2)
  Robin (D:2)
  8 adders
  6 gnolls
  2 worms (D:3)
  3 dart slugs
  3 leopard geckos
  9 orcs (D:3)
  5 bats
  2 giant cockroaches
  13 goblins
  13 hobgoblins
  6 jackals (D:2)
  8 kobolds
  2 quokkas
  2 ball pythons (D:1)
  3 frilled lizards
  A jackal skeleton (D:4)
  A leopard gecko skeleton (D:2)
  4 rats
97 creatures vanquished.

Notes
Turn   | Place    | Note
-------+----------+-------------------------------------------
     0 | D:1      | galech the Demonspawn Fighter began the quest for the Orb.
     0 | D:1      | Reached XP level 1. HP: 18/18 MP: 1/1
   217 | D:1      | Gained mutation: You are partially covered in rugged brown
                  | scales. (AC +1, +3% HP) [demonic ancestry]
   217 | D:1      | Reached XP level 2. HP: 12/24 MP: 2/2
   724 | D:2      | Noticed Terence
   737 | D:2      | Killed Terence
   737 | D:2      | Reached XP level 3. HP: 12/29 MP: 3/3
  1191 | D:2      | Reached XP level 4. HP: 31/36 MP: 4/4
  1378 | D:2      | Noticed Robin
  1401 | D:2      | Killed Robin
  1401 | D:2      | Gained mutation: Your flesh is cold resistant. (rC+)
                  | [demonic ancestry]
  1401 | D:2      | Reached XP level 5. HP: 26/42 MP: 5/5
  1630 | D:2      | Noticed Jessica
  1636 | D:2      | Killed Jessica
  2066 | D:3      | Reached skill level 1 in Dodging
  2215 | D:3      | Noticed a centaur
  2236 | D:3      | Killed a centaur
  2236 | D:3      | Reached XP level 6. HP: 6/49 MP: 6/6
  2963 | D:4      | Slain by a howler monkey

Vault maps used:
D:1:      minmay_arrival_pointy, chequers_garden
D:2:      minmay_tromino_v4_b, uniq_robin, uniq_terence, uniq_jessica
D:3:      first_ration
D:4:      temple_green, gammafunk_ghost_stat_death

Skill      XL: |  1  2  3  4  5  6 |
---------------+-------------------+-----
Shields        | 3 4 |  4.2
Axes           | 2 3 4 |  4.5
Armour         | 3 |  3.7
Dodging        | 1 |  1.1
Fighting       | |  3.9

Action                   |  1- 3 |  4- 6 || total
-------------------------+-------+-------++-------
Melee: War axe           |   113 |   253 ||   366
  Eat: Chunk             |     1 |     6 ||     7
Armor: Scale mail        |    60 |   146 ||   206
       Chain mail        |       |    24 ||    24
Dodge: Dodged            |    34 |    98 ||   132
Block: Shield            |    66 |   161 ||   227

Table legend:
 A = Non-vault XP
 B = Vault XP
 C = Vault XP percentage of total XP
 D = Non-vault monster count
 E = Vault monster count
 F = Vault count percentage of total count
                 A         B        C        D         E       F
            +---------+---------+-------+---------+---------+-------
      Total |     592 |     106 |  15.2 |      81 |      16 |  16.5
            +---------+---------+-------+---------+---------+-------
        D:1 |      19 |       0 |   0.0 |      12 |       0 |   0.0
        D:2 |     127 |     106 |  45.5 |      30 |      16 |  34.8
        D:3 |     274 |       0 |   0.0 |      33 |       0 |   0.0
        D:4 |     172 |       0 |   0.0 |       6 |       0 |   0.0
            +---------+---------+-------+---------+---------+-------
